 Dungeon Crawl Stone Soup version 0.31-a0-662-g684573625c (webtiles) character file.

Game seed: 10520060380461460923

145262 inmateoo the Warrior (level 16, -9/136 HPs)
             Began as a Demonspawn Brigand on Aug 31, 2023.
             Was the Champion of Okawaru.
             Killed from afar by a deep elf knight (35 damage)
             ... with a shard of ice
             ... on level 1 of the Elven Halls on Sept 1, 2023.
             The game lasted 00:29:59 (21748 turns).

inmateoo the Warrior (Demonspawn Brigand)          Turns: 21748, Time: 00:29:59

Health: -9/136     AC: 21    Str: 31    XL:     16   Next: 86%
Magic:  23/23      EV: 29    Int: 13    God:    Okawaru [******]
Gold:   1964       SH:  0    Dex: 26    Spells: 15/15 levels left

rFire   + . .        E - +8 mace of Day {vamp, rElec rN++ Dex+3}
rCold   . . .        J - orb {light}
rNeg    + + .        y - +4 chain mail "Veirchai" {-Cast Regen+ Str+9}
rPois   .            a - +2 hat {Will+}
rElec   +            S - +2 cloak {rF+}
rCorr   .            (gloves unavailable)
SInv    +            N - +0 pair of boots "Iti Inod" {rElec Dex+5 SInv}
Will    ++...        w - amulet of the acrobat
Stlth   +            n - +5 ring of evasion
HPRegen 1.22/turn    H - +6 ring of strength
MPRegen 0.18/turn

%: no spellcasting, acrobat
@: about to teleport, slowed, glowing, studying Evocations, very slow
A: repulsion field 1, ignite blood 3, demonic magic 2, demonic touch 3
a: Renounce Religion, Heroism, Finesse, Duel


You were on level 1 of the Elven Halls.
You worshipped Okawaru.
Okawaru was exalted by your worship.
You visited 5 branches of the dungeon, and saw 24 of its levels.
You also visited: Ice Cave and Volcano.

You collected 2635 gold pieces.
You spent 671 gold pieces at shops.

Inventory:

Hand Weapons
 E - the +8 mace of Day (weapon) {vamp, rElec rN++ Dex+3}
   (You found it on level 4 of the Dungeon)

   Dex+3:     It affects your dexterity (+3).
   rElec:     It insulates you from electricity.
   rN++:      It greatly protects you from negative energy.
Missiles
 d - 27 poisoned darts (quivered)
 e - 16 curare-tipped darts
 K - 11 atropa-tipped darts
 T - 4 throwing nets
Armour
 a - a +2 hat of willpower (worn)
 r - a +0 troll leather armour
 y - the +4 chain mail "Veirchai" (worn) {-Cast Regen+ Str+9}
   (You bought it in a shop on level 2 of the Orcish Mines)

   Str+9:     It affects your strength (+9).
   -Cast:     It prevents spellcasting.
   Regen+:    It increases your rate of health regeneration.
 J - an orb of light (worn)
 N - the +0 pair of boots "Iti Inod" (worn) {rElec Dex+5 SInv}
   (Okawaru gifted it to you on level 2 of the Orcish Mines)

   Dex+5:     It affects your dexterity (+5).
   rElec:     It insulates you from electricity.
   SInv:      It lets you see invisible.
 O - a +0 plate armour of poison resistance
 S - a +2 cloak of fire resistance (worn)
 X - +0 ice dragon scales
Jewellery
 n - a +5 ring of evasion (left hand)
 w - an amulet of the acrobat (around neck)
 B - a ring of positive energy
 F - a ring of poison resistance
 H - a +6 ring of strength (right hand)
 I - the ring of the King {rPois Int+5 Dex-5 SInv}
   (You found it on level 15 of the Dungeon)

   [ring of see invisible]

   Int+5:     It affects your intelligence (+5).
   Dex-5:     It affects your dexterity (-5).
   rPois:     It protects you from poison SInv: It lets you see invisible.
Wands
 b - a wand of roots (7)
 s - a wand of polymorph (16)
 x - a wand of flame (27)
 L - a wand of digging (4)
 M - a wand of paralysis (2)
Scrolls
 f - 3 scrolls of vulnerability
 g - 3 scrolls of enchant weapon
 k - 3 scrolls of teleportation
 l - 3 scrolls of amnesia
 o - 6 scrolls of immolation
 t - 4 scrolls of poison
 v - a scroll of enchant armour
 W - a scroll of brand weapon
Potions
 c - a potion of haste
 h - 7 potions of might
 i - 3 potions of attraction
 j - 3 potions of ambrosia
 m - 5 potions of enlightenment
 p - a potion of heal wounds
 q - 8 potions of curing
 u - 2 potions of lignification
 z - 4 potions of mutation
 A - 5 potions of magic
 C - 2 potions of cancellation {unknown}
 D - 4 potions of brilliance
 G - 3 potions of invisibility {unknown}


   Skills:
 - Level 15.0 Fighting
 - Level 1.7(4.5) Short Blades
 - Level 6.7(6.8) Long Blades
 - Level 15.0 Maces & Flails
 - Level 1.7 Throwing
 - Level 8.0 Armour
 + Level 14.9 Dodging
 - Level 6.0 Stealth
 - Level 10.0 Invocations
 - Level 10.0 Evocations


You had 15 spell levels left.
You didn't know any spells.
Your spell library contained the following spells:

 Spells                   Type           Power      Damage    Failure   Level
 Apportation              Tloc           0%         N/A       71%         1
 Magic Dart               Conj           0%         1d3       71%         1
 Necrotise                Necr           0%         1d4       71%         1
 Slow                     Hex            0%         N/A       71%         1
 Wereblood                Tmut           0%         N/A       83%         2
 Confusing Touch          Hex            0%         N/A       97%         3
 Dazzling Flash           Conj/Hex       0%         N/A       97%         3
 Gell's Gravitas          Tloc           0%         N/A       97%         3
 Hailstorm                Conj/Ice       0%         3d3       97%         3
 Ignite Poison            Fire/Tmut/Pois 0%         N/A       97%         3
 Inner Flame              Hex/Fire       0%         N/A       97%         3
 Mephitic Cloud           Conj/Pois/Air  0%         N/A       97%         3
 Teleport Other           Tloc           0%         N/A       97%         3
 Vampiric Draining        Necr           0%         2d6       97%         3
 Sticky Flame             Conj/Fire      0%         2d3       100%        4
 Agony                    Necr           0%         N/A       100%        5
 Borgnjor's Vile Clutch   Necr/Erth      0%         N/A       100%        5
 Irradiate                Conj/Tmut      0%         3d11      100%        5
 Silence                  Hex/Air        0%         N/A       100%        5
 Yara's Violent Unravell  Hex/Tmut       0%         3d3       100%        5
 Dispersal                Tloc           0%         N/A       100%        6
 Eringya's Noxious Bog    Tmut/Pois      0%         4d6       100%        6
 Enfeeble                 Hex            0%         N/A       100%        7
 Ozocubu's Refrigeration  Ice            0%         4d7       100%        7
 Ignition                 Fire           0%         3d3       100%        8
 Polar Vortex             Ice            0%         N/A       100%        9
 Summon Small Mammal      Summ           Unusable   N/A       N/A         1
 Call Imp                 Summ           Unusable   N/A       N/A         2
 Call Canine Familiar     Summ           Unusable   N/A       N/A         3
 Summon Guardian Golem    Hex/Summ       Unusable   N/A       N/A         3
 Animate Dead             Necr           Unusable   N/A       N/A         4
 Summon Ice Beast         Ice/Summ       Unusable   N/A       N/A         4
 Summon Forest            Summ/Tloc      Unusable   N/A       N/A         5
 Death Channel            Necr           Unusable   N/A       N/A         6
 Simulacrum               Ice/Necr       Unusable   N/A       N/A         6
 Haunt                    Necr/Summ      Unusable   N/A       N/A         7
 Summon Hydra             Summ           Unusable   N/A       N/A         7
 Infestation              Necr           Unusable   N/A       N/A         8

Dungeon Overview and Level Annotations

Branches:
Dungeon (15/15)            Temple (1/1) D:6            Lair (5/5) D:11
 Shoals (0/4) Lair:3       Spider (0/4) Lair:3        Slime (0/5) Lair:5
    Orc (2/2) D:11            Elf (1/3) Orc:2        Vaults (0/5) D:14
 Depths (0/4) D:15          IceCv (visited)         Volcano (visited)

Altars:
Ashenzari
Cheibriados
Dithmenos
Fedhas
Gozag
Hepliaklqana
Kikubaaqudgha
Makhleb
Nemelex Xobeh
Okawaru
Qazlal
Ru
Sif Muna
Trog
Uskayaw
Vehumet
Wu Jian
Xom
Yredelemnul
Jiyva

Shops:
D:6 [   D:8 :   Orc:2 *(:[   Elf:1 (!

Annotations:
D:7 KimchiStew's ghost, novice OpAE
D:9 1 runed translucent door
Temple 2 transporters


Innate Abilities, Weirdness & Mutations

You are surrounded by a mild repulsion field. (EV +2)
Your demonic aura causes all spilled blood to erupt in flames.
Spells you cast may paralyse nearby enemies.
Your touch may irresistibly damage your foes and sap their willpower.


Message History

The shard of ice hits you!!!
* * * LOW HITPOINT WARNING * * *
The cacodemon gestures next to the deep elf knight.
Some rock shatters into small pieces.
The Brimstone Fiend calls on the powers of darkness!
The deep elf archer convulses!
The deep elf high priest convulses!
The deep elf knight convulses!
Your body is wracked with pain!
* * * LOW HITPOINT WARNING * * *
The deep elf demonologist convulses!
The deep elf archer convulses!
You see here a +0 short sword.
Blink to where?
Press: ? - help, Dir - move target
As you read the scroll of blinking, it crumbles to dust.
Okay, then.
As you read the scroll of teleportation, it crumbles to dust.
You feel strangely unstable.
You hear a grinding noise.
The smoke demon gestures at you. Something smites you!
* * * LOW HITPOINT WARNING * * *
The cacodemon gestures next to the green death.
Some rock shatters into small pieces.
You feel much better.
The deep elf knight casts a spell at you.
The shard of ice hits you!
* * * LOW HITPOINT WARNING * * *
The deep elf knight points at you and mumbles some strange words.
The shard of ice misses you.
The deep elf high priest utters an invocation to its god.
The deep elf high priest begins emitting a brilliant aura!
The deep elf archer is empowered by the deep elf high priest's aura!
The deep elf demonologist is empowered by the deep elf high priest's aura!
The deep elf knight is empowered by the deep elf high priest's aura!
The deep elf archer is empowered by the deep elf high priest's aura!
The deep elf knight hits you with a +0 long sword!
* * * LOW HITPOINT WARNING * * *
You feel much better.
The deep elf knight points at you and mumbles some strange words.
The shard of ice hits you!!
You die...

##.## #...# .... #.#
#...# .... ..#
###.## ..#e #.#
#####.## ...1 #..
#.e....#84e.. #.#
#.##3...#)'#' #.#
#.#.e..).....
###.###eee...))...##
#..@e.223#.1.e...##
###...1))e....#.....
####.#.###....####
#.##.)......# #.#
########## ##


You could see a Brimstone Fiend (summoned), a cacodemon (summoned), a green
death (summoned), a deep elf demonologist (empowered), 2 deep elf archers, a
deep elf knight (fast, empowered, invisible), a deep elf high priest (brilliance
aura) and a smoke demon (summoned).

Vanquished Creatures
  Nikola (Elf:1)
  An ironbound preserver (D:14)
  2 orc warlords
  2 stone giants
  5 dire elephants (Lair:5)
  Harold (Orc:1)
  A deep elf high priest (Elf:1)
  An ogre mage (D:15)
  2 hydras
  8 centaur warriors
  4 tengu warriors
  9 two-headed ogres
  4 boulder beetles
  7 death yaks
  Urug (Orc:2)
  3 dancing weapons (Elf:1)
  4 orc high priests
  A deep elf knight (Elf:1)
  5 skeletal warriors (D:14)
  Nergalle (Orc:2)
  A spectral death yak (Lair:5)
  A spectral anaconda (Lair:5)
  2 bog bodies (IceCv)
  An obsidian statue (Lair:5)
  4 deep elf archers (Elf:1)
  2 lindwurms (Lair:5)
  7 deep elf pyromancers
  5 deep elf zephyrmancers (Elf:1)
  10 orc knights
  3 necromancers (Lair:5)
  2 wolf spiders
  12 ugly things
  10 cyclopes
  2 orc sorcerers (Orc:2)
  A manticore (D:14)
  20 elephants
  4 black mambas
  A dire elephant zombie (Lair:5)
  An ice statue (IceCv)
  16 cane toads
  A cane toad (shapeshifter) (D:13)
  4 komodo dragons
  3 efreet
  2 gargoyles (Volcano)
  8 yaktaurs (D:15)
  Maggie (Lair:1)
  3 anaconda simulacra (IceCv)
  2 rime drakes
  2 tengu conjurers (D:14)
  3 ice devils
  9 kobold demonologists
  A freezing wraith (D:14)
  5 trolls
  3 polar bears
  A hornet (D:10)
  A spectral elephant (Lair:5)
  7 blink frogs (Lair:3)
  A jumping spider (Lair:3)
  Sigmund (D:2)
  2 shadows
  7 wyverns
  A vampire (D:11)
  3 wraiths
  A basilisk (Lair:1)
  A yak (shapeshifter) (D:13)
  38 yaks
  8 vampire mosquitoes
  Grum (Lair:1)
  2 redbacks (Lair:3)
  2 steam dragons
  Eustachio (D:4)
  A fire elemental (Volcano)
  A spectral cane toad (Lair:5)
  2 death yak simulacra
  A harpy simulacrum (IceCv)
  4 wargs
  2 acid dragons
  A hydra simulacrum (IceCv)
  11 water moccasins
  A black bear (shapeshifter) (D:13)
  37 orc warriors
  2 black bears
  13 ogres
  7 wolves
  2 ice beasts
  11 centaurs
  An elephant skeleton (Lair:5)
  2 phantoms
  7 kobold brigands
  12 bullfrogs
  An earth elemental (Volcano)
  6 two-headed ogre simulacra (IceCv)
  2 necrophages (D:5)
  3 scorpions
  3 cane toad simulacra
  10 wights
  11 killer bees
  4 elephant simulacra
  An electric eel (D:13)
  7 howler monkeys
  3 bullfrog zombies (D:5)
  2 jellies (D:7)
  A human zombie (D:5)
  27 orc priests
  3 hounds
  Jessica (D:2)
  3 iguanas
  A sleepcap (D:8)
  Natasha (twice) (D:2)
  A scorpion zombie (D:5)
  20 orc wizards
  11 troll simulacra (IceCv)
  5 spriggan simulacra (IceCv)
  2 polar bear simulacra (IceCv)
  A wolf simulacrum (IceCv)
  A hound zombie (D:5)
  A howler monkey zombie (D:5)
  2 mummies (D:5)
  9 adders
  7 naga simulacra (IceCv)
  3 shadow imps
  10 white imps
  4 ufetubi
  An adder zombie (D:5)
  A worm (D:5)
  4 dart slugs
  90 orcs
  5 ball pythons
  7 bats
  8 endoplasms
  4 giant cockroaches
  7 goblins
  9 hobgoblins
  12 jackals
  16 kobolds
  3 quokkas
  A frilled lizard (D:2)
  7 rats
754 creatures vanquished.

Vanquished Creatures (others)
  A dire elephant (Lair:5)
  2 air elementals (Elf:1)
  2 orc warriors
  An orc wizard (Orc:2)
  An orc (Elf:1)
7 creatures vanquished.

Grand Total: 761 creatures vanquished

Notes
Turn   | Place    | Note
-------+----------+-------------------------------------------
     0 | D:1      | inmateoo the Demonspawn Brigand began the quest for the
                  | Orb.
     0 | D:1      | Reached XP level 1. HP: 16/16 MP: 1/1
   121 | D:1      | Gained mutation: You are surrounded by a mild repulsion
                  | field. (EV +2) [demonic ancestry]
   121 | D:1      | Reached XP level 2. HP: 22/23 MP: 2/2
   699 | D:1      | Gained mutation: Your touch may inflict minor irresistible
                  | damage on your foes. [demonic ancestry]
   699 | D:1      | Reached XP level 3. HP: 29/29 MP: 3/3
  1334 | D:2      | Noticed Sigmund
  1493 | D:3      | Reached XP level 4. HP: 38/38 MP: 4/4
  1499 | D:3      | Found a faded altar of an unknown god.
  1578 | D:3      | Reached skill level 5 in Fighting
  1824 | D:3      | Reached skill level 1 in Dodging
  1902 | D:3      | Found a broken altar of Ashenzari.
  2159 | D:2      | Noticed Natasha
  2168 | D:2      | Killed Natasha
  2169 | D:2      | Reached XP level 5. HP: 43/44 MP: 5/5
  2182 | D:2      | Reached skill level 1 in Long Blades
  2243 | D:2      | Noticed Natasha
  2349 | D:2      | Noticed Jessica
  2353 | D:2      | Killed Jessica
  2354 | D:2      | Reached skill level 1 in Armour
  2540 | D:2      | Killed Natasha
  2554 | D:2      | Killed Sigmund
  2555 | D:2      | Gained mutation: Your demonic aura sometimes causes spilled
                  | blood to erupt in flames. [demonic ancestry]
  2555 | D:2      | Reached XP level 6. HP: 45/51 MP: 6/6
  2686 | D:4      | Noticed a two-headed ogre
  2700 | D:4      | Noticed Eustachio
  2725 | D:4      | Killed Eustachio
  2726 | D:4      | Reached XP level 7. HP: 42/56 MP: 7/7
  3056 | D:4      | Identified the +8 mace of Day {vamp, rElec rN++ Dex+3}
  3337 | D:5      | Entered Level 5 of the Dungeon
  3366 | D:5      | Gained mutation: Your demonic aura often causes spilled
                  | blood to erupt in flames. [demonic ancestry]
  3366 | D:5      | Reached XP level 8. HP: 9/62 MP: 8/8
  3527 | D:5      | Reached skill level 5 in Dodging
  3723 | D:5      | Reached skill level 5 in Long Blades
  3733 | D:5      | Found an ancient bone altar of Kikubaaqudgha.
  4126 | D:6      | Found a staircase to the Ecumenical Temple.
  4159 | Temple   | Found a transporter.
  4159 | Temple   | Found a transporter.
  4159 | Temple   | Found a transporter.
  4159 | Temple   | Found a transporter.
  4159 | Temple   | Entered the Ecumenical Temple
  4215 | D:6      | Found Losione's Antique Armour Boutique.
  4331 | D:6      | Gained mutation: Spells you cast may paralyse adjacent
                  | enemies. [demonic ancestry]
  4331 | D:6      | Reached XP level 9. HP: 43/69 MP: 9/9
  4638 | D:6      | Found a hazy altar of Hepliaklqana.
  4955 | D:7      | Reached skill level 5 in Stealth
  4985 | D:7      | Found a snail-covered altar of Cheibriados.
  5002 | D:7      | Found an iron altar of Okawaru.
  5043 | D:7      | Became a worshipper of Warmaster Okawaru
  5060 | D:7      | Noticed a boulder beetle
  5093 | D:7      | Killed a boulder beetle
  5235 | D:6      | Bought a pair of faintly glowing gloves for 247 gold pieces
  5235 | D:6      | Identified the +2 pair of gloves of Ymaisuv {rF+ Str+3
                  | Slay+3} (You bought it in a shop on level 6 of the Dungeon)
  5336 | D:7      | Found a transporter.
  5341 | D:7      | Noticed KimchiStew's ghost (novice OpAE)
  5389 | D:7      | Found a transporter.
  5394 | D:7      | Noticed a moth of wrath
  5748 | D:7      | Reached * piety under Okawaru
  6030 | D:8      | Gained mutation: Your demonic aura causes all spilled blood
                  | to erupt in flames. [demonic ancestry]
  6030 | D:8      | Reached XP level 10. HP: 77/77 MP: 12/12
  6176 | D:8      | Found an opulent altar of Gozag.
  6224 | D:8      | Found Ibrel's Book Shoppe.
  6360 | D:8      | Reached skill level 1 in Evocations
  6372 | D:8      | Reached skill level 1 in Maces & Flails
  6427 | D:8      | Found a radiant altar of Vehumet.
  6908 | D:9      | Found a runed translucent door.
  6912 | D:9      | Found a burning altar of Makhleb.
  6912 | D:9      | Noticed a sixfirhy
  6926 | D:9      | Reached ** piety under Okawaru
  6964 | D:9      | Reached skill level 5 in Invocations
  7017 | D:9      | Found a shadowy altar of Dithmenos.
  7636 | D:10     | Entered Level 10 of the Dungeon
  7716 | D:10     | Noticed a brown ugly thing
  7726 | D:10     | Killed a brown ugly thing
  7791 | D:10     | Noticed a two-headed ogre
  7798 | D:10     | Killed a two-headed ogre
  7864 | D:10     | Reached *** piety under Okawaru
  7899 | D:10     | Paralysed by a hornet for 2 turns
  7938 | D:10     | Reached skill level 5 in Evocations
  8179 | D:11     | Reached XP level 11. HP: 86/86 MP: 15/15
  8199 | D:11     | Found a staircase to the Orcish Mines.
  8213 | D:11     | Reached **** piety under Okawaru
  8214 | D:11     | Reached skill level 5 in Maces & Flails
  8913 | D:11     | Found a staircase to the Lair.
  8974 | D:12     | Noticed a two-headed ogre
  8981 | D:12     | Killed a two-headed ogre
  9041 | D:12     | Reached ***** piety under Okawaru
  9353 | D:12     | Received a gift from Okawaru
  9768 | D:13     | Gained mutation: Your touch may inflict irresistible damage
                  | on your foes. [demonic ancestry]
  9768 | D:13     | Reached XP level 12. HP: 96/96 MP: 18/18
  9775 | D:13     | Noticed a centaur warrior
  9778 | D:13     | Noticed a tengu warrior
  9783 | D:13     | Killed a centaur warrior
  9791 | D:13     | Killed a tengu warrior
  9948 | D:13     | Noticed a centaur warrior
  9956 | D:13     | Killed a centaur warrior
 10073 | D:13     | Noticed a centaur warrior
 10080 | D:13     | Killed a centaur warrior
 10081 | D:13     | Reached skill level 10 in Fighting
 10081 | D:13     | Reached skill level 10 in Invocations
 10088 | D:13     | Reached skill level 10 in Dodging
 10099 | D:13     | Noticed a two-headed ogre
 10104 | D:13     | Reached ****** piety under Okawaru
 10104 | D:13     | Identified the -1 pair of boots of the Hurtling Gods
                  | {Will+} (Okawaru gifted it to you on level 13 of the
                  | Dungeon)
 10104 | D:13     | Received a gift from Okawaru
 10110 | D:13     | Killed a two-headed ogre
 10111 | D:13     | Reached skill level 10 in Maces & Flails
 10271 | D:13     | Noticed a boulder beetle
 10341 | D:13     | Killed a boulder beetle
 10754 | D:14     | Noticed a centaur warrior
 10762 | D:14     | Killed a centaur warrior
 11033 | D:14     | Noticed a tengu warrior
 11041 | D:14     | Killed a tengu warrior
 11041 | D:14     | Received a gift from Okawaru
 11041 | D:14     | Found the +2 pair of slick slippers {slick, slippery, EV+4}
 11042 | D:14     | Gained mutation: Your touch may irresistibly damage your
                  | foes and sap their willpower. [demonic ancestry]
 11042 | D:14     | Reached XP level 13. HP: 104/104 MP: 20/20
 11110 | D:14     | Noticed an ironbound preserver
 11127 | D:14     | Killed an ironbound preserver
 11204 | D:14     | Reached skill level 5 in Armour
 11406 | D:14     | Found a gate to the Vaults.
 11530 | D:15     | Entered Level 15 of the Dungeon
 11537 | D:15     | Identified the ring of the King {rPois Int+5 Dex-5 SInv}
 11567 | D:15     | Found a staircase to the Depths.
 11567 | D:15     | Noticed a stone giant
 11579 | D:15     | Killed a stone giant
 12084 | D:15     | Reached skill level 10 in Evocations
 12244 | D:15     | Received a gift from Okawaru
 12259 | D:15     | Received a gift from Okawaru
 12417 | D:15     | Reached XP level 14. HP: 114/114 MP: 21/21
 12812 | Lair:1   | Entered Level 1 of the Lair of Beasts
 12851 | Lair:1   | Noticed Maggie
 12860 | Lair:1   | Killed Maggie
 12925 | Lair:1   | Identified the +4 spear "Hessy" {spect, *Rage Str+4}
 12925 | Lair:1   | Noticed Grum
 12948 | Lair:1   | Killed Grum
 13149 | Lair:1   | Found a dark tunnel.
 13178 | Lair:1   | Identified the +0 ring mail of the Forgotten Demons {*Slow
                  | +Blink rF+ Int+5}
 13195 | Volcano  | Entered a volcano
 13494 | Volcano  | Noticed a stone giant
 13504 | Volcano  | Killed a stone giant
 13504 | Volcano  | Received a gift from Okawaru
 14193 | Lair:1   | Reached XP level 15. HP: 122/122 MP: 22/22
 15011 | Lair:3   | Received a gift from Okawaru
 15106 | Lair:3   | Found a staircase to the Shoals.
 15174 | Lair:3   | Found a hole to the Spider Nest.
 16493 | Lair:5   | Entered Level 5 of the Lair of Beasts
 16538 | Lair:5   | Received a gift from Okawaru
 16914 | Lair:5   | Found a viscous altar of Jiyva.
 16914 | Lair:5   | Found a staircase to the Slime Pits.
 17263 | Lair:5   | Gained mutation: Spells you cast may paralyse nearby
                  | enemies. [demonic ancestry]
 17263 | Lair:5   | Reached XP level 16. HP: 127/132 MP: 23/23
 17905 | Lair:5   | Received a gift from Okawaru
 18284 | Lair:5   | Identified the orb "Goew" {*Rage, rPois Stlth+}
 18468 | Orc:1    | Entered Level 1 of the Orcish Mines
 18511 | Orc:1    | Noticed Harold
 18537 | Orc:1    | Killed Harold
 18705 | Orc:1    | You fall into a shaft and drop 1 floor!
 18705 | Orc:2    | Entered Level 2 of the Orcish Mines
 18705 | Orc:2    | Noticed Nergalle
 18705 | Orc:2    | Noticed Urug
 18816 | Orc:2    | Killed Nergalle
 18859 | Orc:2    | Found a staircase to the Elven Halls.
 18982 | Orc:2    | Killed Urug
 19026 | Orc:2    | Identified the +0 pair of boots "Iti Inod" {rElec Dex+5
                  | SInv} (Okawaru gifted it to you on level 2 of the Orcish
                  | Mines)
 19026 | Orc:2    | Received a gift from Okawaru
 19164 | Orc:2    | Found Daduabawu's Antique Armour Emporium.
 19199 | Orc:2    | Found Kyssesse's Antique Weapon Emporium.
 19215 | Orc:2    | Found Ticacs's General Store.
 19227 | Orc:2    | Found Gonuneol's Book Emporium.
 19509 | Orc:2    | Found a frozen archway.
 19541 | IceCv    | Entered an ice cave
 20706 | Orc:2    | Bought a potion of heal wounds for 75 gold pieces
 20706 | Orc:2    | Bought a scroll of enchant armour for 112 gold pieces
 20738 | Orc:2    | Bought a polished chain mail for 237 gold pieces
 20738 | Orc:2    | Identified the +4 chain mail "Veirchai" {-Cast Regen+
                  | Str+9} (You bought it in a shop on level 2 of the Orcish
                  | Mines)
 20917 | Elf:1    | Entered Level 1 of the Elven Halls
 21023 | Elf:1    | Found Tofuyj's Distillery.
 21068 | Elf:1    | Identified the +2 pair of gloves of Voracious Fun {Fly rC-
                  | rN+ Dex+2}
 21068 | Elf:1    | Noticed Nikola
 21073 | Elf:1    | Found Vianny's Weapon Boutique.
 21098 | Elf:1    | Killed Nikola
 21291 | Elf:1    | Reached skill level 15 in Fighting
 21326 | Elf:1    | Reached skill level 15 in Maces & Flails
 21727 | Elf:1    | Received a gift from Okawaru
 21729 | Elf:1    | Noticed a Brimstone Fiend
 21747 | Elf:1    | HP: 4/136 [deep elf knight/+0 long sword (14)]
 21748 | Elf:1    | Killed from afar by a deep elf knight

Illustrated notes

Levels and vault maps discovered:
D:1:      lemuel_arrival_muddy, layout_loops_ring
D:2:      layout_loops_ring, kennysheep_another_room, serial_bayou_ford_a,
          kennysheep_nub, uniq_sigmund, uniq_natasha, uniq_jessica
D:3:      layout_loops_cross, ashenzari_conservatory_becter,
          shapermc_ecumenical_altar_venn
D:4:      layout_cave_pods, lightli_corner_chamber, uniq_eustachio
D:5:      layout_rooms, lemuel_mausoleum_altar_kikubaaqudgha
D:6:      layout_cave_pods, general_overflow_altar, minmay_temple_entry_waves,
          serial_shops, nicolae_shop_dealshenge, corner_web_ring, chequers_jeans
D:7:      layout_basic, mainiacjoe_overflow_large_starburst,
          gammafunk_ghost_berserking_beasts, minmay_manual_mess
D:8:      layout_basic, nicolae_vehumet_radiance,
          nicolae_gozag_cash_rules_everything_around_me, serial_shops,
          nicolae_book_shop_shelving, minmay_manual_monolith
D:9:      layout_loops_corners, mainiacjoe_overflow_paths,
          nzn_makhleb_speed_demon
D:10:     layout_basic
D:11:     layout_roguey [special_room_orc], lair_entry_dummy, erik_orc_3
D:12:     layout_irregular_city, kennysheep_small_square
D:13:     layout_cave_pools, fungi_pond_lemuel, roderic_lattice_a, st_stairs_6,
          elyvilon_altar_4
D:14:     layout_roguey, skrybe_vaults_entry_preservation
D:15:     grunt_enter_depths_snipers, layout_stronghold, minivault_25
Temple:   hellmonk_temple_divided_pantheon
Lair:1:   layout_small_grid, nicolae_volcano_entry_hallway, minivault_11,
          infiniplex_staircase_pool_2, uniq_grum, uniq_maggie
Lair:2:   gammafunk_indiana_jones, layout_big_grid, chequers_serial_rivers_marsh
Lair:3:   layout_loops_ring, shoals_dummy_entry, spider_nest_entry_funnel_web,
          serial_rivers, chequers_serial_rivers_micro_c,
          chequers_serial_rivers_room_a, chequers_serial_rivers_micro_d,
          chequers_serial_rivers_micro_c
Lair:4:   layout_regular_city
Lair:5:   due_jungle_book, layout_concentric_octagons, slime_entry_1,
          nicolae_lair_lindhole, grunt_megastairs_4
Orc:1:    layout_caves, uniq_harold
Orc:2:    grunt_orc_cross, layout_diamond_mine, portal_ice_cave_demonic_guard
Elf:1:    eino_elf_arrival_the_gate, layout_loops_corners, special_room
          [special_room_orc], orc_legates, minmay_shoptagon, uniq_nikola

Skill      XL: |  1  2  3  4  5  6  7  8  9 10 11 12 13 14 15 16 |
---------------+-------------------------------------------------+-----
Fighting       | 3 4 5 6 8 9 10 11 12 13 15 | 15.0
Dodging        | 1 2 3 4 6 7 8 9 10 11 12 13 14 | 14.9
Long Blades    | 2 4 5 6 |  6.7
Armour         | 2 3 4 6 7 8 |  8.0
Stealth        | 4 6 |  6.0
Invocations    | 3 6 9 10 | 10.0
Evocations     | 5 6 8 10 | 10.0
Maces & Flails | 4 8 11 12 13 15 | 15.0
Short Blades   | |  1.7
Throwing       | |  1.7

Action                     |  1- 3 |  4- 6 |  7- 9 | 10-12 | 13-15 | 16-18 || total
---------------------------+-------+-------+-------+-------+-------+-------++-------
  Melee: Dagger            |   123 |   127 |       |       |       |       ||   250
         Touch             |     8 |    31 |    55 |    13 |       |       ||   107
         Punch             |     2 |     2 |     5 |     1 |       |       ||    10
         Mace              |       |       |   238 |   443 |   806 |   718 ||  2205
         Falchion          |       |       |    17 |       |       |       ||    17
 Invoke: Heroism           |       |       |       |       |     1 |       ||     1
  Evoke: Wand              |       |       |       |     6 |       |    21 ||    27
    Use: Scroll            |       |       |    15 |     3 |     8 |     6 ||    32
         Potion            |       |       |       |     2 |     3 |     3 ||     8
   Stab: Sleeping          |    13 |     2 |     7 |     2 |     2 |     1 ||    27
         Distracted        |     1 |       |       |     1 |       |       ||     2
 Armour: Robe              |    61 |    54 |       |       |       |       ||   115
         Leather armour    |       |       |   138 |    73 |       |    25 ||   236
         Troll leather arm |       |       |       |   136 |    91 |       ||   227
         Plate armour      |       |       |       |       |   278 |   196 ||   474
         Chain mail        |       |       |       |       |     8 |    48 ||    56
         Ice dragon scales |       |       |       |       |       |    14 ||    14
  Dodge: Dodged            |    70 |    77 |   287 |   697 |   843 |   636 ||  2610

Table legend: (Time is in decaauts)
 A = Elapsed time spent in this place.
 B = Non-inter-level travel time spent in this place.
 C = Inter-level travel time spent in this place.
 D = Time resting spent in this place.
 E = Time spent auto-exploring this place.
 F = Levels seen in this place.
 G = Mean time per level.
                   A        B        C        D        E       F      G
               +--------+--------+--------+--------+--------+-----+--------+
         Total |  21531 |  20288 |   1243 |   2325 |  12848 |  26 |  828.1 |
       Dungeon |  12962 |  11933 |   1029 |   1006 |   8137 |  15 |  864.1 |
        Temple |      1 |      1 |      0 |      0 |      0 |   1 |    1.0 |
          Lair |   5121 |   4950 |    171 |    721 |   3215 |   5 | 1024.2 |
  Orcish Mines |   1308 |   1266 |     42 |     39 |    738 |   2 |  654.0 |
   Elven Halls |    792 |    792 |      0 |     37 |    493 |   1 |  792.0 |
      Ice Cave |   1017 |   1017 |      0 |    452 |    153 |   1 | 1017.0 |
       Volcano |    327 |    327 |      0 |     69 |    111 |   1 |  327.0 |
               +--------+--------+--------+--------+--------+-----+--------+

Top non-repeatable levels by time:
  Lair:5: 1794 daAuts
  Lair:1: 1094 daAuts
   Orc:2: 1088 daAuts
     D:2: 1051 daAuts
    D:15: 1034 daAuts
   IceCv: 1017 daAuts
    D:14: 974 daAuts
  Lair:4: 967 daAuts
     D:6: 951 daAuts
  Lair:3: 924 daAuts
    D:13: 920 daAuts
     D:8: 908 daAuts
    D:11: 907 daAuts
     D:4: 888 daAuts
     D:7: 882 daAuts
